 Dungeon Crawl Stone Soup version 0.21.1-1-g345015fe64 (webtiles) character file.

144 Htamos the Ducker (level 5, -2/27 HPs)
             Began as a Spriggan Berserker on July 2, 2018.
             Was a Believer of Trog.
             Killed by nerve-wracking pain
             ... invoked by an orc priest
              (14 damage)
             ... on level 3 of the Dungeon.
             The game lasted 00:08:57 (4947 turns).

Htamos the Ducker (Spriggan Berserker)              Turns: 4947, Time: 00:08:58

Health: -2/27      AC:  2    Str: 13    XL:     5   Next: 5%
Magic:  6/6        EV: 22    Int:  9    God:    Trog [**....]
Gold:   151        SH:  0    Dex: 16    Spells: 4/4 levels left

rFire    . . .     SeeInvis +   g - +0 dagger
rCold    . . .     Gourm    .   (shield restricted)
rNeg     . . .     Faith    .   a - +0 animal skin
rPois    .         Spirit   .   (helmet restricted)
rElec    .         Reflect  .   (no cloak)
rCorr    .         Harm     .   (gloves unavailable)
MR       .....                  (boots unavailable)
Stlth    ++........             (no amulet)
HPRegen  0.09/turn              (no ring)
MPRegen  0.10/turn              (no ring)

@: very quick
A: very small, unfitting armour, see invisible, herbivore, speed 3, slow
metabolism 2
a: Berserk, Trog's Hand, Burn Spellbooks, Renounce Religion


You were on level 3 of the Dungeon.
You worshipped Trog.
Trog was pleased with you.
You were not hungry.

You visited 1 branch of the dungeon, and saw 3 of its levels.

You collected 151 gold pieces.

Inventory:

Hand Weapons
 g - a +0 dagger (weapon)
Armour
 a - a +0 animal skin (worn)
Jewellery
 h - an uncursed ring of protection from cold {unknown}
Scrolls
 c - 2 scrolls of amnesia {unknown}
 d - 2 scrolls of remove curse {unknown}
 e - 2 scrolls of identify {unknown}
 i - a scroll of enchant armour {unknown}
 j - a scroll of fog {unknown}
 o - a scroll of immolation {unknown}
 q - a scroll of fear {unknown}
Potions
 f - a potion of degeneration {unknown}
 k - 3 potions of mutation {unknown}
 l - a potion of haste {unknown}
 m - a potion of flight {unknown}
 n - a potion of heal wounds {unknown}
 p - 2 potions of might {unknown}
 r - a potion of agility {unknown}
Comestibles
 b - 3 rations


   Skills:
 - Level 2.7 Fighting
 * Level 1.6 Short Blades
 * Level 6.7 Dodging
 * Level 2.6 Stealth
 - Level 2.7 Unarmed Combat


You had 4 spell levels left.
You didn't know any spells.

Dungeon Overview and Level Annotations

Branches:
Dungeon (3/15)

Altars:


Innate Abilities, Weirdness & Mutations

You are very small and have problems with some larger weapons.
You are too small for most types of armour.
You have supernaturally acute eyesight. (SInv)
You are a herbivore.
You cover ground extremely quickly.
You need consume almost no food.


Message History

You hit the orc priest.
The orc priest is lightly wounded.
The orc priest closely misses you.
You completely miss the orc priest.
The orc priest is lightly wounded.
The orc priest invokes the aid of Beogh against you.
You resist with significant effort.
You hit the orc priest but do no damage.
The orc priest is lightly wounded.
The orc priest mumbles some strange prayers to Beogh against you.
Beogh smites you!
Ouch! That really hurt!
You closely miss the orc priest.
The orc priest is lightly wounded.
The orc priest misses you.
There is a stone staircase leading up here.
The orc priest calls down the wrath of Beogh upon you.
Pain shoots through your body!
Ouch! That really hurt!
You die...

#...........#.....##......)..w.
##.##.##.##.#..##.#≈≈o≈o≈≈≈≈≈≈≈
#.##.##.##.#..##.#≈≈≈oo≈≈≈≈≈≈≈
#.##.##.##.#..##.##..o........
#.##.##.##.#..##(#############
#.##.##.##....#..#
#.#..##.##..#.o.## #
#.#.###.......#..# #. #.#.#
#......@#).# #.# #.#.#
#.......##.# ##.# #.#.#
#..........#########.###
#.#.###.............#....#÷#..
#.............###..#..........
###.###.......# #......).#.#..
#.# ##.#.#### #........s....
#.# #.#.# ##########.### #.#
#.#.## #....


You could see an orc priest.

Vanquished Creatures
  3 adders
  A shadow imp (D:3)
  3 oozes
  An adder zombie (D:2)
  2 worms (D:2)
  2 dart slugs (D:1)
  4 leopard geckos
  A ball python (D:1)
  11 bats
  6 giant cockroaches
  6 goblins
  9 hobgoblins
  5 jackals
  2 quokkas (D:2)
  A frilled lizard (D:1)
  5 kobolds
  14 rats
76 creatures vanquished.

Notes
Turn   | Place    | Note
-------+----------+-------------------------------------------
     0 | D:1      | Htamos the Spriggan Berserker began the quest for the Orb.
     0 | D:1      | Reached XP level 1. HP: 11/11 MP: 2/2
   440 | D:1      | Reached XP level 2. HP: 16/16 MP: 3/3
   447 | D:1      | Reached skill level 1 in Stealth
   642 | D:1      | You fall through a shaft!
   658 | D:2      | Reached skill level 5 in Dodging
   750 | D:2      | Reached XP level 3. HP: 12/19 MP: 4/4
  1297 | D:1      | Reached ** piety under Trog
  1622 | D:1      | Reached skill level 6 in Dodging
  1996 | D:2      | Reached XP level 4. HP: 7/23 MP: 5/5
  3453 | D:3      | Reached skill level 1 in Short Blades
  4291 | D:3      | Reached XP level 5. HP: 6/27 MP: 6/6
  4947 | D:3      | Killed from afar by an orc priest

Skill      XL: |  1  2  3  4 |
---------------+-------------+-----
Stealth        | 1 2 |  2.6
Dodging        | 5 6 |  6.7
Short Blades   | 1 |  1.6
Fighting       | |  2.7
Unarmed Combat | |  2.7

Action                   |  1- 3 |  4- 6 || total
-------------------------+-------+-------++-------
Melee: Unarmed           |    50 |       ||    50
       Dagger            |   156 |   314 ||   470
       Punch             |     3 |     5 ||     8
 Stab: Sleeping          |     2 |     2 ||     4
  Eat: Ration            |       |     2 ||     2
Armor: Animal skin       |    21 |    16 ||    37
Dodge: Dodged            |   188 |   258 ||   446
